 Dungeon Crawl Stone Soup version 0.29.1-1-gd02db6906a (webtiles) character file.

Game seed: 16169160301141200949

36 funnyparkerb the Slasher (level 3, -1/29 HPs)
             Began as a Formicid Monk on Oct 20, 2022.
             Slain by a goblin
             ... wielding a +0 dagger
             ... led by Robin
              (4 damage)
             ... on level 2 of the Dungeon.
             The game lasted 00:01:43 (1137 turns).

funnyparkerb the Slasher (Formicid Monk)            Turns: 1137, Time: 00:01:43

Health: -1/29      AC: 11    Str: 15    XL:     3   Next: 57%
Magic:  3/3        EV:  6    Int:  9    God:
Gold:   42         SH:  0    Dex: 18    Spells: 2/2 levels left

rFire   . . .      SeeInvis +   a - +0 falchion
rCold   . . .      Faith    .   g - +0 buckler
rNeg    . . .      Spirit   .   j - +0 chain mail
rPois   .          Reflect  .   (helmet unavailable)
rElec   .          Harm     .   (no cloak)
rCorr   .          Rampage  .   (no gloves)
Will    .....                   e - +2 pair of boots
Stlth   ..........              (no amulet)
HPRegen 0.09/turn               (no ring)
MPRegen 0.08/turn               (no ring)

@: confused, ambrosia-drunk
A: permanent stasis, dig shafts and tunnels, antennae 3, four strong arms
a: Dig, Shaft Self


You were on level 2 of the Dungeon.
You visited 1 branch of the dungeon, and saw 2 of its levels.

You collected 42 gold pieces.

Inventory:

Hand Weapons
 a - a +0 falchion (weapon)
Missiles
 k - 5 poisoned darts
Armour
 e - a +2 pair of boots (worn)
 g - a +0 buckler (worn)
 j - a +0 chain mail (worn)
Scrolls
 b - a scroll of amnesia {unknown}
 f - a scroll of teleportation {unknown}
 h - a scroll of identify {unknown}
Potions
 c - a potion of ambrosia
 d - 3 potions of curing {unknown}
 i - a potion of flight {unknown}


   Skills:
 - Level 3.2 Fighting
 + Level 4.3 Long Blades
 - Level 2.6 Dodging
 - Level 2.4 Stealth


You had 2 spell levels left.
You didn't know any spells.
Your spell library was empty.

Dungeon Overview and Level Annotations

Branches:
Dungeon (2/15)

Altars:

Shops:
D:2 (

Annotations:
D:2 Robin


Innate Abilities, Weirdness & Mutations

You cannot be hasted, slowed, berserked, paralysed or teleported.
You can dig through walls and to a lower floor.
You have a pair of large antennae on your head. (SInv)
Your four strong arms can wield two-handed weapons with a shield.


Message History

The goblin is severely wounded.
The goblin hits you but does no damage. x3; The hobgoblin hits you.
You hit the goblin.
You kill the goblin!
The goblin barely misses you. Robin throws the goblin at you!
The goblin barely misses you. The hobgoblin barely misses you.
You barely miss the goblin. The goblin hits you with a +0 dagger.
The goblin hits you but does no damage. x2; The hobgoblin hits you.
The goblin hits you with a +0 dagger.
The goblin hits you but does no damage. x2
You closely miss the goblin. You block the goblin's attack.
The goblin hits you but does no damage. The hobgoblin barely misses you.
The goblin hits you but does no damage.
You completely miss the goblin. The goblin hits you but does no damage.
The goblin hits you with a +0 dagger. The goblin barely misses you.
The hobgoblin hits you but does no damage.
You barely miss the goblin. You block the goblin's attack.
The goblin hits you but does no damage. The goblin barely misses you.
You hit the goblin.
The goblin is severely wounded.
The goblin no longer looks unusually strong.
The hobgoblin no longer looks unusually strong.
You block the goblin's attack. The goblin hits you with a +0 dagger.
The goblin hits you but does no damage.
The hobgoblin hits you but does no damage.
You slash the goblin!
You kill the goblin!
The hobgoblin hits you.
* * * LOW HITPOINT WARNING * * *
The goblin hits you with a +0 dagger.
* * * LOW HITPOINT WARNING * * *
You block the goblin's attack.
Okay, then.
You are confused.
You feel invigorated. The hobgoblin barely misses you.
The goblin closely misses you. The goblin hits you with a +0 club.
* * * LOW HITPOINT WARNING * * *
The hobgoblin attacks as you move away!
The hobgoblin hits you but does no damage.
The goblin attacks as you move away! The goblin hits you with a +0 dagger.
You die... ... ... .... .....{ ..# { .Jg## ..# ggg##

#.# #gg## #.#
#@g####.#
##)).##.# {
###..#.#.#
#####...#.#
#.......#.####.
#.###.#........
#.#.#...###
..#.#.#>#####.
.###.#.........


You could see an endoplasm, 3 hobgoblins and 4 goblins.

Vanquished Creatures
  An adder (D:2)
  2 dart slugs (D:1)
  A bat (D:1)
  2 endoplasms
  A giant cockroach (D:1)
  A hobgoblin (D:1)
  4 jackals (D:1)
  A quokka (D:1)
  2 ball pythons
  4 goblins
  2 rats (D:1)
21 creatures vanquished.

Notes
Turn   | Place    | Note
-------+----------+-------------------------------------------
     0 | D:1      | funnyparkerb the Formicid Monk began the quest for the Orb.
     0 | D:1      | Reached XP level 1. HP: 18/18 MP: 1/1
   108 | D:1      | Reached XP level 2. HP: 23/24 MP: 2/2
   424 | D:1      | Reached skill level 4 in Long Blades
   424 | D:1      | Reached XP level 3. HP: 29/29 MP: 3/3
   832 | D:2      | Found Fettuomm's Antique Weapon Boutique.
  1123 | D:2      | Noticed Robin
  1137 | D:2      | Slain by a goblin

Illustrated notes

Levels and vault maps discovered:
D:1:      minmay_arrival_plants_in_alcoves, layout_basic
D:2:      layout_basic, serial_shops, nicolae_shop_overgrown_old_shop,
          basic_altar, uniq_terence, uniq_robin

Skill      XL: |  1  2 |
---------------+-------+-----
Long Blades    | 4 |  4.3
Fighting       | |  3.2
Dodging        | |  2.6
Stealth        | |  2.4

Action                   || total
-------------------------++-------
Melee: Falchion          ||    64
  Use: Potion            ||     1
 Stab: Sleeping          ||     2
Armor: Robe              ||     7
       Chain mail        ||    31
Dodge: Dodged            ||    43
Block: Buckler           ||    12
